 Dungeon Crawl Stone Soup version 0.20.1-1-g8b1a95d (webtiles) character file.

1866 schauveau the Archer (level 8, -14/61 HPs)
             Began as a Centaur Hunter on Dec 3, 2017.
             Splashed by Joseph's acid (15 damage)
             ... on level 7 of the Dungeon.
             The game lasted 00:12:14 (6656 turns).

schauveau the Archer (Centaur Hunter)               Turns: 6656, Time: 00:12:15

Health: -14/61     AC:  3    Str: 16    XL:     8   Next: 90%
Magic:  8/8        EV:  7    Int: 10    God:
Gold:   366        SH:  0    Dex: 11    Spells: 7/7 levels left

rFire    . . .     SeeInvis .   a - +2 shortbow
rCold    . . .     Gourm    .   (shield currently unavailable)
rNeg     + . .     Faith    .   n - +0 scale mail
rPois    .         Spirit   .   k - +1 helmet
rElec    .         Reflect  .   p - +0 cloak
rCorr    .         Harm     .   s - +1 pair of gloves
MR       .....                  (no barding)
Stlth    ..........             (no amulet)
Regen    0.2/turn               j - ring of positive energy
MPRegen  0.2/turn               (no ring)

@: corroded, very quick
A: hooves 3, deformed body, speed 2, tough skin 3
a: no special abilities


You were on level 7 of the Dungeon.
You were not hungry.

You visited 2 branches of the dungeon, and saw 8 of its levels.

You collected 366 gold pieces.

Inventory:

Hand Weapons
 a - a +2 shortbow (weapon)
 b - a +0 long sword
 q - a +0 blowgun
Missiles
 c - 35 poisoned needles
 d - 83 arrows (quivered)
 t - 5 tomahawks
Armour
 k - a +1 helmet (worn)
 n - a +0 scale mail (worn)
 p - a +0 cloak (worn)
 s - a +1 pair of gloves (worn)
 w - a +0 plate armour
Jewellery
 j - a ring of positive energy (left hand)
Wands
 x - a wand of digging (14/24)
Scrolls
 o - a scroll of enchant weapon
 u - a scroll of teleportation
 C - a scroll of remove curse
 E - a scroll of enchant armour
 F - 4 scrolls of identify
Potions
 e - 4 potions of curing
 g - 6 potions of heal wounds
 h - a potion of ambrosia {unknown}
 l - a potion of lignification {unknown}
 m - 2 potions of haste
 r - 2 potions of brilliance
 v - a potion of mutation {unknown}
 A - a potion of magic {unknown}
 B - a potion of cancellation {unknown}
 D - a potion of might {unknown}
 G - a potion of degeneration {unknown}
Books
 y - a book of Necromancy

   Spells                             Type                      Level
   a - Pain                           Necromancy                   1
   b - Animate Skeleton               Necromancy                   1
   c - Vampiric Draining              Necromancy                   3
   d - Regeneration                   Charms/Necromancy            3
   e - Animate Dead                   Necromancy                   4
   f - Control Undead                 Necromancy                   4
 H - a book of Callings

   Spells                             Type                      Level
   a - Summon Small Mammal            Summoning                    1
   b - Call Imp                       Summoning                    2
   c - Call Canine Familiar           Summoning                    3
   d - Summon Guardian Golem          Hexes/Summoning              3
   e - Summon Lightning Spire         Summoning/Air                4
   f - Summon Ice Beast               Ice/Summoning                4
Comestibles
 f - 3 bread rations
 i - 2 meat rations
 z - a royal jelly


   Skills:
 + Level 2.2 Fighting
   Level 0.5(0.8) Short Blades
 * Level 0.8(1.0) Long Blades
 - Level 14.7 Bows
 + Level 0.5 Armour
 - Level 1.4 Dodging
 - Level 0.4 Stealth


You had 7 spell levels left.
You didn't know any spells.

Dungeon Overview and Level Annotations

Branches:
Dungeon (7/15)             Temple (1/1) D:5

Altars:
Ashenzari
Cheibriados
Elyvilon
Gozag
Makhleb
Nemelex Xobeh
Qazlal
Ru
Sif Muna
Trog
Uskayaw
Yredelemnul
The Shining One
Lugonu

Annotations:
D:7 Joseph


Innate Abilities, Weirdness & Mutations

You have hooves in place of feet.
Armour fits poorly on your strangely shaped body.
You cover ground very quickly.
You have extremely tough skin. (AC +3)


Message History

Aim: Joseph, wielding a hunting sling, wearing a leather armour and carrying a wand of acid (?/15) {zapped: 1} (severely wounded)
You shoot an arrow.
The arrow hits Joseph but does no damage.
Joseph is severely wounded.
Joseph shoots a sling bullet.
The sling bullet hits you!
* * * LOW HITPOINT WARNING * * *
Firing (i - inventory. (,) - cycle):
d - 85 arrows (quivered)
Press: ? - help, Shift-Dir - straight line, f/p - Joseph
Aim: Joseph, wielding a hunting sling, wearing a leather armour and carrying a wand of acid (?/15) {zapped: 1} (severely wounded)
You shoot an arrow. The arrow hits Joseph!
Joseph is severely wounded.
Firing (i - inventory. (,) - cycle):
d - 84 arrows (quivered)
Press: ? - help, Shift-Dir - straight line, f/p - Joseph
Aim: Joseph, wielding a hunting sling, wearing a leather armour and carrying a wand of acid (?/15) {zapped: 1} (severely wounded)
You shoot an arrow. The arrow barely misses Joseph.
Joseph says, "I've waited for this moment for such a long time."
Joseph zaps a wand.
The bolt of acid hits you!
* * * LOW HITPOINT WARNING * * *
The acid corrodes you!
You are splashed with acid!
The acid burns!
You die...

####### ##########
....... .........#
/...... ########.#
....... ###.#
.......#########...#####
(.(@(..@((..............
........##.###.#....####
...........###.##.####
......#.###..........###
......+.................
......#.###..........###
..... #.# ############
..... #.#


You could see Joseph.

Vanquished Creatures
  Prince Ribbit (D:5)
  Grinder (D:4)
  The ghost of Lanoc the Insei, an amateur OpTm (D:3)
  An ice beast (D:6)
  A sky beast (D:5)
  2 ogres
  A phantom (D:4)
  A centaur (D:5)
  A scorpion (D:5)
  4 killer bees (D:5)
  2 howler monkeys (D:5)
  A bullfrog zombie (D:6)
  A quasit (Temple)
  A jelly (D:5)
  3 orc priests
  Crazy Yiuf (D:5)
  An iguana (D:7)
  3 orc wizards
  2 worker ants
  A howler monkey zombie (D:5)
  A worker ant zombie (D:5)
  3 adders (D:3)
  A howler monkey skeleton (D:5)
  A worm (D:5)
  2 dart slugs (D:1)
  A leopard gecko (D:1)
  28 orcs
  6 bats
  5 giant cockroaches
  6 hobgoblins
  A quokka (D:2)
  3 ball pythons
  9 frilled lizards
  6 goblins
  2 jackal skeletons (D:4)
  5 kobolds
  A leopard gecko zombie (D:5)
  6 rats
117 creatures vanquished.

Notes
Turn   | Place    | Note
-------+----------+-------------------------------------------
     0 | D:1      | schauveau the Centaur Hunter began the quest for the Orb.
     0 | D:1      | Reached XP level 1. HP: 17/17 MP: 1/1
   149 | D:1      | Reached XP level 2. HP: 10/24 MP: 2/2
   200 | D:1      | Reached skill level 6 in Bows
  1054 | D:2      | Reached XP level 3. HP: 29/29 MP: 3/3
  1798 | D:3      | Noticed Lanoc's ghost (amateur OpTm)
  1844 | D:4      | Reached skill level 7 in Bows
  1916 | D:4      | Reached XP level 4. HP: 18/36 MP: 4/4
  2215 | D:5      | Entered Level 5 of the Dungeon
  2215 | D:5      | Found a basalt altar of Yredelemnul.
  2215 | D:5      | Noticed Grinder
  2215 | D:5      | Noticed Prince Ribbit
  2223 | D:4      | Reached skill level 8 in Bows
  2234 | D:4      | Killed Grinder
  2234 | D:4      | Reached skill level 9 in Bows
  2234 | D:4      | Reached XP level 5. HP: 41/41 MP: 5/5
  2234 | D:4      | Reached XP level 6. HP: 48/48 MP: 6/6
  2363 | D:4      | Reached skill level 10 in Bows
  2993 | D:5      | Noticed a sky beast
  3003 | D:5      | Killed a sky beast
  3003 | D:5      | Reached skill level 11 in Bows
  3003 | D:5      | Reached XP level 7. HP: 55/55 MP: 7/7
  3068 | D:5      | Found a staircase to the Ecumenical Temple.
  3079 | Temple   | Entered the Ecumenical Temple
  3618 | D:5      | Killed Prince Ribbit
  3618 | D:5      | Reached skill level 12 in Bows
  3654 | D:5      | Reached XP level 8. HP: 58/61 MP: 8/8
  3761 | D:5      | Reached skill level 13 in Bows
  4261 | D:3      | Killed Lanoc's ghost
  4265 | D:3      | Found a white marble altar of Elyvilon.
  4403 | D:3      | Found a sparkling altar of Nemelex Xobeh.
  4438 | D:3      | Found a glowing golden altar of the Shining One.
  4826 | D:5      | Found a runed door.
  4897 | D:5      | Noticed Crazy Yiuf
  4900 | D:5      | Killed Crazy Yiuf
  5140 | D:5      | Reached skill level 14 in Bows
  5903 | D:6      | Found a deep blue altar of Sif Muna.
  5903 | D:6      | Found a sacrificial altar of Ru.
  6489 | D:7      | Found a glowing golden altar of the Shining One.
  6643 | D:7      | Noticed Joseph
  6656 | D:7      | HP: 1/61 [Joseph/wand of acid (?/15) (16)]
  6656 | D:7      | Splashed by Joseph's acid

Skill      XL: |  1  2  3  4  5  6  7  8 |
---------------+-------------------------+-----
Bows           | 6 7 9 11 12 14 | 14.7
Fighting       | |  2.2
Short Blades   | |  0.5
Long Blades    | |  0.8
Armour         | |  0.5
Dodging        | |  1.4
Stealth        | |  0.4

Action                   |  1- 3 |  4- 6 |  7- 9 || total
-------------------------+-------+-------+-------++-------
Melee: Short sword       |   129 |       |    38 ||   167
       Kick              |    16 |       |     6 ||    22
       Long sword        |       |       |    11 ||    11
 Fire: Shortbow          |    22 |    67 |   249 ||   338
  Use: Scroll            |     4 |     8 |     3 ||    15
       Potion            |       |     1 |       ||     1
  Eat: Chunk             |     2 |     1 |       ||     3
       Meat ration       |       |     1 |     1 ||     2
Armor: Leather armour    |    19 |       |       ||    19
       Scale mail        |    56 |     9 |   160 ||   225
Dodge: Dodged            |    60 |     6 |    75 ||   141
       Rpst.: Long sword |       |       |     3 ||     3
